 Dungeon Sprint DCSS version 0.19.0-24-gb05acd6 (webtiles) character file.

7100000 igo the Ninja (level 27, -2/271 (273) HPs)
             Began as a Ghoul Warper on Nov 22, 2016.
             Was the Champion of Makhleb.
             Slain by a meat beast (20 damage)
             ... in the Dungeon (Sprint VIII: "Arena of Blood").
             The game lasted 00:04:02 (71 turns).

igo the Ninja (Ghoul Warper)                          Turns: 71, Time: 00:04:03

HP:   -2/271 (273)  AC:  6    Str: 19    XL:     27
MP:   20/53         EV: 32    Int:  9    God:    Makhleb [******]
Gold: 0             SH:  0    Dex: 16    Spells: 0 memorised, 80 levels left

rFire  . . .     SeeInvis +     l - +∞ Axe of Woe
rCold  + . .     Gourm    .     b - +0 leather armour
rNeg   + + +     Faith    .     (shield currently unavailable)
rPois  ∞         Spirit   .     (no helmet)
rElec  .         Reflect  .     (no cloak)
rCorr  .         Harm     .     (no gloves)
MR     ++...     NoTele   +     (no boots)
Stlth  +++++++++.               (no amulet)
                                (no ring)
                                m - ring of see invisible

@: rotting, slowed, very slow
A: rotting body, claws 1, carnivore 3, cold resistance 1, negative energy
resistance 3, slow regeneration 1, torment resistance, unbreathing
a: Minor Destruction, Lesser Servant of Makhleb, Major Destruction, Greater
Servant of Makhleb, Renounce Religion


You were in the Dungeon.
You worshipped Makhleb.
Makhleb was exalted by your worship.
You were not hungry.

You visited 1 branch

Inventory:

Hand Weapons
 a - a +0 hand axe
 l - the +∞ Axe of Woe (weapon)
   (You found it in the Dungeon)
Missiles
 e - 5 tomahawks of dispersal (quivered)
Armour
 b - a +0 leather armour (worn)
Jewellery
 m - a ring of see invisible (left claw)
Scrolls
 d - 2 scrolls of blinking
Potions
 g - a potion of curing
 h - a potion of heal wounds
 i - a potion of haste
 j - 2 potions of magic
 k - a potion of berserk rage
Books
 c - a book of Spatial Translocations

   Spells                             Type                      Level
   a - Blink                          Translocation                2
   b - Shroud of Golubria             Charms/Translocation         2
   c - Lesser Beckoning               Translocation                3
   d - Portal Projectile              Translocation                3
   e - Teleport Other                 Translocation                3
   f - Passage of Golubria            Translocation                4
Comestibles
 f - a meat ration


   Skills:
 O Level 27 Fighting
 O Level 27 Axes
 O Level 27 Throwing
 O Level 27 Armour
 O Level 27 Dodging
 O Level 27 Stealth
 O Level 27 Unarmed Combat
 O Level 27 Spellcasting
   Level 2.7 Translocations
 O Level 27 Invocations


You had 80 spell levels left.
You didn't know any spells.

Dungeon Overview and Level Annotations

Branches:
Dungeon (1/1)

Altars:
Makhleb

Annotations:
D The Captor


Innate Abilities, Weirdness & Mutations

Your body is rotting away.
You thrive on raw meat.
You are immune to poison.
You have sharp fingernails.
You are carnivorous and can eat meat at any time.
Your flesh is cold resistant. (rC+)
You are immune to negative energy. (rN+++)
You regenerate slowly when monsters are visible.
You are immune to unholy pain and torment.
You can survive without breathing.


Message History

You butcher the meat berserker messily.
You kill the meat berserker!
Makhleb accepts your kill.
You feel better.
You slice the bag of meat!!
You pulverise the bag of meat into a thin bloody mist.
You kill the bag of meat!
Makhleb accepts your kill.
You slash the meat berserker!
You butcher the meat berserker messily.
You kill the meat berserker!
Makhleb accepts your kill.
You hear a shout! x4
The meat beast completely misses you. The meat beast tramples you.
You hold your ground!
You hear a shout! x3
The Captor hits you with a +9 triple sword of slicing!!!!!
Ouch! That really hurt!
* * * LOW HITPOINT WARNING * * *
x2 You hear a shout! x3
The meat beast bites you!!
You die...

#################
##......%.o....%.####
....o..%))x.%.......#
......##.##2#####....
.......)V))M@@LX.....
###...).##.##O.VX....
......)))))).X2XoX...
........)o#o#.XoX...#
.......)))oD.Xoxoo###
#......).)x..WXLMoX.
.#.....)))....X.Xoo..
.......)M......X..o..
........).)..........


You could see 2 accurseds, 5 tentacled monstrosities, 2 meat beasts, 2 tyrants,
2 destroyers, 8 large abominations, a dread, The Captor, a meat berserker
(berserk), a small abomination, 10 bags of meat and a crawling corpse.

Vanquished Creatures
  A wraith (D)
  A hydra (D)
  45 orcs (D)
  2 hill giants (D)
  2 skeletal warriors (D)
  Harold (D)
  3 large abominations (D)
  5 small abominations (D)
  5 crawling corpses (D)
  5 vampire knights (D)
  21 ogres (D)
91 creatures vanquished.

Vanquished Creatures (others)
  A crawling corpse (D)
1 creature vanquished.

Grand Total: 92 creatures vanquished

Notes
Turn   | Place    | Note
-------+----------+-------------------------------------------
     0 | D        | igo the Ghoul Warper began the quest for the Orb.
     0 | D        | Reached XP level 1. HP: 17/17 MP: 2/2
     3 | D        | Noticed a bag of meat
     4 | D        | Became a worshipper of Makhleb the Destroyer
     5 | D        | Noticed a bag of meat
     5 | D        | Noticed a bag of meat
     5 | D        | Noticed a bag of meat
     6 | D        | Noticed a bag of meat
     8 | D        | Killed a bag of meat
     8 | D        | Reached XP level 2. HP: 47/47 MP: 2/15
     8 | D        | Reached XP level 3. HP: 53/53 MP: 2/17
     8 | D        | Reached XP level 4. HP: 61/61 MP: 2/18
     8 | D        | Reached XP level 5. HP: 68/68 MP: 2/20
     8 | D        | Reached XP level 6. HP: 75/75 MP: 2/21
     8 | D        | Reached XP level 7. HP: 82/82 MP: 2/23
     8 | D        | Reached XP level 8. HP: 90/90 MP: 2/24
     8 | D        | Reached XP level 9. HP: 96/96 MP: 2/25
     8 | D        | Reached XP level 10. HP: 104/104 MP: 2/26
     8 | D        | Reached XP level 11. HP: 111/111 MP: 2/27
     8 | D        | Reached XP level 12. HP: 118/118 MP: 2/28
     8 | D        | Killed a bag of meat
     8 | D        | Reached * piety under Makhleb
     8 | D        | Reached skill level 15 in Axes
     8 | D        | Reached skill level 5 in Throwing
     8 | D        | Reached skill level 5 in Armour
     8 | D        | Reached skill level 15 in Spellcasting
     8 | D        | Reached XP level 13. HP: 132/132 MP: 2/31
     9 | D        | Noticed a meat berserker
     9 | D        | Noticed a meat berserker
     9 | D        | Killed a bag of meat
     9 | D        | Reached XP level 14. HP: 143/143 MP: 2/33
    10 | D        | Noticed a bag of meat
    10 | D        | Killed a meat berserker
    10 | D        | Reached skill level 15 in Dodging
    10 | D        | Reached XP level 15. HP: 101/152 MP: 2/35
    11 | D        | Noticed a meat berserker
    11 | D        | Noticed a meat berserker
    12 | D        | Noticed a meat berserker
    14 | D        | Noticed a large bag of meat
    14 | D        | Noticed a meat berserker
    14 | D        | Killed a meat berserker
    14 | D        | Reached ** piety under Makhleb
    14 | D        | Reached skill level 15 in Invocations
    14 | D        | Reached XP level 16. HP: 110/165 MP: 3/37
    15 | D        | Killed a meat berserker
    15 | D        | Killed a meat berserker
    15 | D        | Reached XP level 17. HP: 178/178 MP: 4/40
    15 | D        | Killed a meat berserker
    15 | D        | Reached *** piety under Makhleb
    15 | D        | Reached XP level 18. HP: 190/190 MP: 4/42
    16 | D        | Noticed a meat berserker
    18 | D        | Reached **** piety under Makhleb
    18 | D        | Reached XP level 19. HP: 202/202 MP: 4/45
    19 | D        | Noticed a meat berserker
    19 | D        | Reached ***** piety under Makhleb
    19 | D        | Reached skill level 27 in Stealth
    19 | D        | Reached skill level 27 in Fighting
    19 | D        | Reached skill level 27 in Axes
    19 | D        | Reached skill level 10 in Armour
    20 | D        | Noticed a meat berserker
    20 | D        | Noticed a destroyer
    21 | D        | Noticed a meat berserker
    22 | D        | Killed a meat berserker
    22 | D        | Reached skill level 27 in Invocations
    22 | D        | Reached XP level 20. HP: 135/215 MP: 5/48
    22 | D        | Reached skill level 27 in Spellcasting
    22 | D        | Reached skill level 15 in Armour
    22 | D        | Reached skill level 27 in Dodging
    22 | D        | Reached XP level 21. HP: 223/223 MP: 5/51
    22 | D        | Reached ****** piety under Makhleb
    23 | D        | Noticed a meat berserker
    25 | D        | Killed a meat berserker
    25 | D        | Reached skill level 27 in Armour
    25 | D        | Reached skill level 15 in Unarmed Combat
    25 | D        | Reached XP level 22. HP: 232/232 MP: 6/52
    28 | D        | Noticed a destroyer
    28 | D        | Reached skill level 27 in Unarmed Combat
    28 | D        | Killed a destroyer
    28 | D        | Reached XP level 23. HP: 239/239 MP: 7/53
    28 | D        | Reached skill level 27 in Throwing
    30 | D        | Noticed The Servant
    31 | D        | Reached XP level 24. HP: 248/248 MP: 8/53
    34 | D        | Killed The Servant
    35 | D        | Reached XP level 25. HP: 246/256 MP: 9/53
    41 | D        | Noticed a destroyer
    44 | D        | Killed a destroyer
    44 | D        | Reached XP level 26. HP: 264/264 MP: 12/53
    44 | D        | Killed a destroyer
    46 | D        | Reached XP level 27. HP: 271/271 MP: 12/53
    47 | D        | Noticed a destroyer
    47 | D        | Noticed a destroyer
    52 | D        | Killed a destroyer
    53 | D        | Noticed a destroyer
    54 | D        | Noticed a tyrant
    55 | D        | Noticed an accursed
    56 | D        | Killed a destroyer
    57 | D        | Noticed an accursed
    57 | D        | Noticed an accursed
    60 | D        | Noticed a dread
    60 | D        | Noticed The Captor
    66 | D        | Noticed a tyrant
    66 | D        | Noticed a destroyer
    67 | D        | Noticed a dread
    67 | D        | Noticed a meat beast
    68 | D        | Noticed a meat beast
    71 | D        | Killed a dread
    71 | D        | Slain by a meat beast

Skill      XL: |  1  2  3  4  5  6  7  8  9 10 11 12 13 14 15 16 17 18 19 20 21 22 23 |
---------------+----------------------------------------------------------------------+-----
Fighting       | 14 17 18 19 20 22 23 25 27 | 27.0
Axes           | 13 15 16 17 19 21 22 25 27 | 27.0
Throwing       | 4 5 25 27 | 27.0
Armour         | 4 5 6 7 8 9 10 15 27 | 27.0
Dodging        | 12 13 14 15 16 18 19 20 23 27 | 27.0
Spellcasting   | 13 15 16 17 18 20 21 23 25 27 | 27.0
Stealth        | 8 13 16 20 22 25 27 | 27.0
Invocations    | 7 12 15 19 20 23 27 | 27.0
Unarmed Combat | 15 27 | 27.0
Translocations | |  2.7

Action                   |  1- 3 |  4- 6 |  7- 9 | 10-12 | 13-15 | 16-18 | 19-21 | 22-24 | 25-27 || total
-------------------------+-------+-------+-------+-------+-------+-------+-------+-------+-------++-------
Melee: Executioner's axe |     1 |       |       |       |     3 |     2 |     3 |     4 |    19 ||    32
Armor: Leather armour    |       |       |       |       |       |       |       |       |     2 ||     2
Dodge: Dodged            |       |       |       |       |     1 |     2 |     2 |     1 |     5 ||    11
